 Dungeon Crawl Stone Soup version 0.18-a0-1229-ge9a1a01 (webtiles) character file.

355365 Ijustatesigmund the Warrior (level 21, -41/191 HPs)
             Began as a Demonspawn Fighter on Feb 1, 2016.
             Was the Champion of Okawaru.
             Killed from afar by a lich (73 damage)
             ... with a crystal spear
             ... on level 3 of the Abyss on Feb 4, 2016.
             The game lasted 03:31:27 (42756 turns).

Ijustatesigmund the Warrior (Demonspawn Fighter)   Turns: 42756, Time: 03:31:27

Health: -41/191    AC: 38    Str: 24      XL:     21   Next: 68%
Magic:  27/29      EV: 22    Int: 10 (11) God:    Okawaru [******]
Gold:   1531       SH: 24    Dex: 26      Spells: 2 memorised, 18 levels left

rFire  . . .     SeeInvis .     r - +4 morningstar (protect)
rCold  + + +     Gourm    .     B - +3 plate armour of the Hanged Man {MR+ Regen+}
rNeg   . . .     Faith    .     j - +4 large shield {AC+3}
rPois  .         Spirit   .     F - +2 hat "Toeh" {MR+ Int+4}
rElec  +         Dismiss  .     G - +2 cloak {+Inv}
rCorr  .         Reflect  .     X - +2 pair of gloves {archery}
SustAt .         Harm     .     (boots unavailable)
MR     ++++.     Rnd*Rage +     T - amulet of regeneration
Stlth  +.........               R - ring of Ynecvei {MR+ Str+2 Slay+3 Stlth+}
                                P - ring of Xuav {*Drain rElec rC+++ EV+4 Stlth+}

@: mighty, agile, exhausted, about to teleport, slowed, glowing, drained, very
slow, incredibly resistant to hostile enchantments, very unstealthy
A: talons 3, iridescent scales 2, berserk 2, blurry vision 2, deformed body,
dopey 1, low mp 1, powered by pain 3, robust 1, spiny 3, weak 1, subdued magic
1, MP-powered wands
a: Heroism, Finesse, Renounce Religion, Evoke Invisibility
}: 1/15 runes: gossamer


You were on level 3 of the Abyss.
You worshipped Okawaru.
Okawaru was exalted by your worship.
You were not hungry.

You visited 7 branches of the dungeon, and saw 36 of its levels.
You visited the Abyss 3 times.
You also visited: Labyrinth, Bailey and Ice Cave.

You collected 4262 gold pieces.
You spent 2731 gold pieces at shops.

Inventory:

Hand Weapons
 r - a +4 morningstar of protection (weapon)
 K - a +4 eveningstar of draining
 N - the +11 morningstar "Eos" {elec, -Tele rElec SInv}
   (Okawaru gifted it to you on level 3 of the Vaults)

   Occasionally, upon striking a foe, it will discharge some electrical energy
   and cause terrible harm.
   It insulates you from electricity.
   It lets you see invisible.
   It prevents most forms of teleportation.
Missiles
 v - 6 javelins of penetration
 O - 4 steel javelins (quivered)
Armour
 j - a +4 large shield of protection (worn)
 B - the +3 plate armour of the Hanged Man (worn) {MR+ Regen+}
   (Okawaru gifted it to you on level 1 of the Vaults)

   It affects your resistance to hostile enchantments.
   It increases your rate of regeneration.
 F - the +2 hat "Toeh" (worn) {MR+ Int+4}
   (Okawaru gifted it to you on level 3 of the Spider Nest)

   It affects your intelligence (+4).
   It affects your resistance to hostile enchantments.
 G - a +2 cloak of invisibility (worn)
 M - a +2 hat of see invisible
 X - a +2 pair of gloves of archery (worn)
 Z - the cursed +1 chain mail of Eternal Vigilance {rPois rF- rCorr Dex+3, unknown}
   (You found it on level 3 of the Abyss)

   It affects your dexterity (+3).
   It makes you vulnerable to fire.
   It protects you from poison.
   It protects you from acid and corrosion.
   It has a curse placed upon it.
Jewellery
 e - an uncursed ring of fire
 h - an uncursed ring of positive energy
 u - an uncursed ring of flight
 y - an uncursed ring of see invisible
 z - a +3 amulet of reflection
 A - a +6 ring of dexterity
 P - the ring of Xuav (left hand) {*Drain rElec rC+++ EV+4 Stlth+}
   (You bought it in a shop on level 14 of the Dungeon)

   [ring of evasion]

   It affects your evasion (+4).
   It renders you almost immune to cold.
   It insulates you from electricity.
   It causes draining when unequipped.
   It makes you more stealthy.
 R - the ring of Ynecvei (right hand) {MR+ Str+2 Slay+3 Stlth+}
   (You found it on level 12 of the Dungeon)

   [ring of strength]

   It affects your strength (+2).
   It affects your accuracy and damage with ranged weapons and melee attacks
   (+3).
   It affects your resistance to hostile enchantments.
   It makes you more stealthy.
 T - an amulet of regeneration (around neck)
 U - the amulet "Lunem" {RegenMP rElec rF+ rC+}
   (You found it on level 1 of the Vaults)

   [amulet of magic regeneration]

   It increases your magic regeneration.
   It protects you from fire.
   It protects you from cold.
   It insulates you from electricity.
Wands
 q - a wand of iceblast (7/15)
 s - a wand of teleportation (5/9)
 w - a wand of lightning (7/15)
 V - a wand of heal wounds (1/9)
 W - a wand of acid (7/15)
Scrolls
 b - 8 scrolls of remove curse
 c - 3 scrolls of magic mapping
 m - 9 scrolls of teleportation
 x - 4 scrolls of fog
 C - 2 scrolls of recharging
 E - 3 scrolls of fear
 H - 9 scrolls of identify
 Y - a scroll of summoning
Potions
 a - 5 potions of heal wounds
 d - 4 potions of might
 g - 5 potions of invisibility
 i - 5 potions of magic
 k - 8 potions of curing
 l - 7 potions of brilliance
 n - 5 potions of resistance
 p - 4 potions of haste
 t - 3 potions of berserk rage
 D - 7 potions of flight
 I - 3 potions of agility
 J - 6 potions of cancellation
 L - a potion of cure mutation
Books
 S - Ts'ui Pên's Volume of Forking Paths
   (You found it on level 2 of the Elven Halls)

   Spells                             Type                      Level
   a - Warp Weapon                    Charms/Translocation         5
   b - Haste                          Charms                       6
Comestibles
 f - 19 bread rations
 o - 6 meat rations


   Skills:
 - Level 17.1(16.8) Fighting
 - Level 16.1(15.7) Maces & Flails
 + Level 12.1(11.8) Throwing
 - Level 15.6(15.2) Armour
 - Level 9.6(9.3) Dodging
 - Level 5.7(5.4) Stealth
 - Level 13.2(12.8) Shields
 - Level 5.0(4.7) Transmutations
 - Level 16.5(16.2) Invocations
 - Level 4.8(4.6) Evocations


You had 18 spell levels left.
You knew the following spells:

 Your Spells              Type           Power        Failure   Level  Hunger
a - Beastly Appendage     Trmt           #.....       99%         1    ##.....
b - Apportation           Tloc           #.........   100%        1    ##.....


Dungeon Overview and Level Annotations

Branches:
Dungeon (15/15)            Temple (1/1) D:4            Lair (8/8) D:9
 Shoals (0/4) Lair:6       Spider (4/4) Lair:4        Slime (0/6) Lair:6
    Orc (2/2) D:11            Elf (3/3) Orc:2        Vaults (3/5) D:13
  Crypt (0/3) Vaults:3     Depths (0/5) D:15

Altars:
Ashenzari
Cheibriados
Dithmenos
Elyvilon
Fedhas
Gozag
Kikubaaqudgha
Makhleb
Nemelex Xobeh
Okawaru
Pakellas
Qazlal
Ru
Sif Muna
Trog
Vehumet
Xom
Yredelemnul
Zin
The Shining One
Beogh
Jiyva

Shops:
D:14 =   Orc:1 [[%?   Orc:2 !(=}:   Elf:3 [


Innate Abilities, Weirdness & Mutations

You have claws for feet.
You are mostly covered in iridescent scales (AC +6).
You are powered by pain.
You are robust (+10% HP).
You are completely covered in sharp spines.
You are dopey. (Int -2)
Your magical capacity is low (-10% MP).
Your spells are a little easier to cast, but a little less powerful.
You expend magic power (3 MP) to strengthen your wands.
[You often lose your temper in combat.]
[Scrolls take you longer to read.]
[Armour fits poorly on your strangely shaped body.]
[You are weak. (Str -2)]


Message History

Evoke which item? (* to show all) (? for menu, Esc to quit)
Zapping:
V - a wand of heal wounds (2/9)
Press: ? - help, Shift-Dir - straight line, f - you You feel much better.
This wand has 1 charge left.
You block the tormentor's attack. x2; You block the angel's attack. x2
The tormentor calls on the powers of darkness!
Your body is wracked with pain!
* * * LOW HITPOINT WARNING * * *
The angel convulses!
The angel gestures.
The angel is healed somewhat.
The angel gestures.
The angel is healed somewhat.
A shadow dragon zombie comes into view.
The tormentor barely misses you. You block the tormentor's attack.
You hear some strange, mumbled words.
A crystal spear appears from out of thin air!
Deactivating autopickup; reactivate with Ctrl-A.
The crystal spear hits you!
You die...

#### ## ## ##.
.#... ..#. #..# #..
##.##.#.# . .##.
#..8...#...#
##.†##.)#†R.....#
#.#...)...†#§#.....
#.#.#..#{†#A # #.#
. #.A#...##.#
###@#### # #Z....#
.. # ##.#...# #.
#..†### . ### # .


You could see an angel, an efreet and a shadow dragon zombie.

Vanquished Creatures
  4 bone dragons (Abyss:3)
  4 liches
  Jorgrun (Vaults:1)
  Rupert (Lair:7)
  2 tentacled monstrosities
  A deep elf blademaster (Elf:2)
  A Hell Sentinel (Abyss:3)
  Asterion (Elf:3)
  Agnes (D:15)
  12 tentacled starspawn (Abyss:3)
  Kirke (Lair:7)
  An eldritch tentacle (Abyss:3)
  2 sphinxes
  Gastronok (D:10)
  A fire giant (Vaults:2)
  2 frost giants
  Donald (D:12)
  2 deep elf sorcerers
  5 ghost moths
  8 vault wardens
  A cacodemon (Abyss:3)
  5 emperor scorpions
  Aizul (Elf:2)
  2 ghouls (Vaults:3)
  An angel (Abyss:3)
  9 ironheart preservers
  7 very ugly things
  3 stone giants
  2 deep elf demonologists
  A deep elf annihilator (Vaults:3)
  3 lorocyprocas (Abyss:3)
  18 starcursed masses (Abyss:3)
  3 spark wasps (Spider:4)
  An eidolon (Abyss:3)
  A deep elf death mage (Vaults:1)
  4 blizzard demons
  An ettin (Vaults:3)
  4 fire dragons
  3 vault guards (Vaults:1)
  2 yaktaur captains (Vaults:2)
  3 entropy weavers
  Harold (Lair:2)
  A minotaur (Lab)
  2 ice dragons
  2 great orbs of eyes (Abyss:3)
  5 rakshasas (Abyss:3)
  A catoblepas (D:13)
  4 centaur warriors
  2 hydras
  24 dancing weapons
  6 death yaks
  2 death knights
  6 ogre magi
  19 thrashing horrors (Abyss:3)
  18 deep elf knights
  A vampire mage (Vaults:3)
  A deep troll earth mage (Vaults:2)
  A sun demon (Abyss:3)
  17 wretched stars (Abyss:3)
  The ghost of Feta the Cleaver, a novice HOFi of Beogh (D:8)
  4 hell knights (Vaults:2)
  8 skeletal warriors
  2 shadow wraiths (Abyss:3)
  4 unseen horrors
  2 giant orange brains
  7 spatial maelstroms (Abyss:3)
  3 deep trolls (Vaults:2)
  A flayed ghost (Vaults:2)
  A death drake (Abyss:3)
  19 deep elf archers
  5 ironbrand convokers
  2 phantasmal warriors
  A lindwurm (Lair:4)
  A shadow demon (Abyss:3)
  An anubis guard (shapeshifter) (Abyss:3)
  8 harpies (Vaults:2)
  67 deep elf magi
  2 hill giants
  An iron dragon zombie (Abyss:3)
  An orc sorcerer (Abyss:3)
  33 wolf spiders
  4 necromancers
  19 ugly things
  Pikel (D:8)
  12 orb spiders
  4 orc knights
  A manticore (D:11)
  2 mana vipers (Abyss:3)
  6 griffons
  A fire giant zombie (Abyss:3)
  2 wizards (Elf:2)
  7 hornets
  A hornet (shapeshifter) (Vaults:1)
  2 worldbinders (Abyss:3)
  A salamander (shapeshifter) (Elf:1)
  2 cyclopes
  A manticore (shapeshifter) (Vaults:2)
  4 moths of wrath
  An ice statue (IceCv)
  Maurice (D:11)
  11 elephants
  8 vault sentinels
  Joseph (D:8)
  A centaur zombie (D:14)
  6 black mambas
  2 guardian serpents (Abyss:3)
  A frost giant skeleton (Abyss:3)
  7 smoke demons (Abyss:3)
  A dire elephant zombie (Abyss:3)
  A naga mage (Abyss:3)
  A titan simulacrum (Abyss:3)
  A dire elephant skeleton (Abyss:3)
  A black mamba (shapeshifter) (Vaults:3)
  An orange demon (Abyss:3)
  5 gargoyles
  4 apocalypse crabs (Abyss:3)
  3 torpor snails
  7 spiny frogs
  34 large abominations (Abyss:3)
  A golden dragon simulacrum (IceCv)
  An efreet (Abyss:3)
  The ghost of Uberwunderbarhen the Changer, a novice OpTm of Makhleb (D:6)
  9 demonic crawlers
  6 hellwings (Abyss:3)
  2 fire drakes
  7 komodo dragons
  2 anaconda simulacra (IceCv)
  3 trolls
  31 yaktaurs
  8 ice devils
  12 freezing wraiths
  15 ancient zymes (Abyss:3)
  8 polar bears (Lair:8)
  A queen bee (shapeshifter) (Vaults:3)
  A minotaur zombie (Lab)
  27 jumping spiders
  A wolf spider simulacrum (IceCv)
  A queen bee (Spider:3)
  9 two-headed ogres
  27 raiju
  2 boulder beetles
  24 blink frogs
  13 slime creatures
  A stone giant simulacrum (Vaults:3)
  A tarantella (shapeshifter) (Vaults:1)
  50 redbacks
  2 shadows
  23 tarantellas
  A spriggan (shapeshifter) (Vaults:2)
  A flying skull (Abyss:3)
  An air elemental (Elf:2)
  8 basilisks
  6 water elementals
  65 yaks
  7 ynoxinuls (Abyss:3)
  4 wraiths
  Eustachio (D:6)
  5 dire elephant simulacra (IceCv)
  A human (shapeshifter) (Elf:2)
  A golden eye (Abyss:3)
  3 hogs (Lair:7)
  3 wyverns
  2 fire elementals (Elf:1)
  5 fire bats (Abyss:3)
  9 chaos spawn (Abyss:3)
  A golden eye (shapeshifter) (Vaults:3)
  16 humans
  A redback simulacrum (Vaults:3)
  10 vampire mosquitoes
  3 hungry ghosts
  12 neqoxecs (Abyss:3)
  4 steam dragons
  2 hippogriffs (shapeshifter)
  A basilisk (shapeshifter) (Vaults:3)
  5 harpy simulacra (IceCv)
  13 spatial vortices (Abyss:3)
  9 wargs
  8 hippogriffs
  3 mottled dragons
  A soldier ant (D:12)
  A naga (Abyss:3)
  9 wolves (Lair:8)
  Edmund (D:6)
  3 hydra simulacra (IceCv)
  6 hell hounds
  2 iron troll simulacra (IceCv)
  16 porcupines
  13 water moccasins
  2 slaves (D:8)
  2 swamp drakes (Lair:8)
  14 black bears
  35 orc warriors
  An ettin simulacrum (IceCv)
  7 ice beasts
  7 phantoms
  3 eyes of draining
  2 wasps
  25 ogres
  3 boggarts (Vaults:3)
  26 centaurs
  17 crocodiles
  A big kobold (D:13)
  27 small abominations (Abyss:3)
  Blork the orc (D:6)
  4 earth elementals
  15 giant frogs
  A gnoll sergeant (D:6)
  4 scorpions
  A swamp dragon simulacrum (IceCv)
  24 killer bees
  18 wights
  4 electric eels
  A vampire bat (Lair:1)
  4 crimson imps
  2 giant frog zombies
  2 quasits (Abyss:3)
  2 draconian simulacra (IceCv)
  A wasp zombie (D:10)
  2 jellies (D:9)
  3 giant frog skeletons
  14 hounds
  22 orc wizards
  8 orc priests
  5 iron imps (Abyss:3)
  Jessica (D:3)
  4 centaur skeletons
  7 iguanas
  6 worker ants
  3 spriggan simulacra (IceCv)
  3 troll simulacra (IceCv)
  15 sheep
  A wolf simulacrum (IceCv)
  A killer bee zombie (D:6)
  2 centaur simulacra (IceCv)
  A hound skeleton (D:6)
  24 gnolls
  52 river rats
  17 adders
  A naga simulacrum (IceCv)
  4 ogre simulacra (IceCv)
  2 shadow imps
  24 white imps
  8 ufetubi
  An adder zombie (D:8)
  3 worms
  8 giant geckos
  77 orcs
  A ball python (D:3)
  7 giant cockroaches
  14 goblins
  28 hobgoblins
  14 jackals
  4 quokkas
  12 bats
  A giant gecko skeleton (D:7)
  A giant gecko zombie (D:4)
  6 giant newts
  15 kobolds
  A quokka zombie (D:6)
  5 rats
  2 lurking horrors (Abyss:3)
  2 plants
  2 starspawn tentacles (Abyss:3)
1824 creatures vanquished.

Vanquished Creatures (collateral kills)
  Arachne (Spider:3)
  A centaur zombie (D:11)
  A demonic crawler (Spider:3)
  A jumping spider (Spider:3)
  A redback (Spider:3)
5 creatures vanquished.

Vanquished Creatures (others)
  A very ugly thing (Abyss:3)
  An unseen horror (D:11)
  2 deep elf archers (Elf:2)
  2 ugly things (Abyss:3)
  2 deep elf magi (Elf:1)
  8 yaktaurs
  A large abomination (Abyss:3)
  A ynoxinul (Abyss:3)
  A chaos spawn (Abyss:3)
  A neqoxec (Abyss:3)
  An ettin simulacrum (Abyss:3)
  5 small abominations (Abyss:3)
  2 centaurs (Vaults:3)
  A crocodile (Lair:8)
  A big kobold (D:8)
  2 giant frogs (D:8)
  An orc wizard (Orc:2)
  A white imp (Abyss:3)
  An ufetubus (Abyss:3)
  2 giant geckos (D:8)
  An orc (Vaults:1)
  2 kobolds (D:8)
  39 eldritch tentacle segments (Abyss:3)
  7 fungi
  4 lurking horrors (Abyss:3)
  10 plants
  27 starspawn tentacles (Abyss:3)
  194 starspawn tentacle segments (Abyss:3)
321 creatures vanquished.

Grand Total: 2150 creatures vanquished

Notes
Turn   | Place    | Note
--------------------------------------------------------------
     0 | D:1      | Ijustatesigmund the Demonspawn Fighter began the quest for the Orb.
     0 | D:1      | Reached XP level 1. HP: 18/18 MP: 1/1
   234 | D:1      | Gained mutation: You sometimes gain a little power by taking damage. [demonic ancestry]
   234 | D:1      | Reached XP level 2. HP: 22/24 MP: 2/2
   890 | D:2      | HP: 1/24 [worm (7)]
  1186 | D:2      | Reached XP level 3. HP: 12/29 MP: 3/3
  2030 | D:2      | Found a glowing golden altar of the Shining One.
  2143 | D:3      | Gained mutation: You are partially covered in sharp spines. [demonic ancestry]
  2143 | D:3      | Reached XP level 4. HP: 27/35 MP: 4/4
  2357 | D:3      | Found a faded altar to an unknown god.
  2621 | D:3      | Gained mutation: You have sharp toenails. [demonic ancestry]
  2621 | D:3      | Reached XP level 5. HP: 23/42 MP: 5/5
  2621 | D:3      | Reached skill level 4 in Fighting
  2889 | D:3      | Noticed Jessica
  2893 | D:3      | Killed Jessica
  3333 | D:4      | Gained mutation: You have razor-sharp toenails. [demonic ancestry]
  3333 | D:4      | Reached XP level 6. HP: 49/49 MP: 6/6
  3366 | D:4      | Reached skill level 5 in Maces & Flails
  3506 | D:4      | Found a staircase to the Ecumenical Temple.
  3589 | D:4      | Reached skill level 5 in Fighting
  3607 | D:4      | Found a sacrificial altar of Ru.
  3762 | Temple   | Entered the Ecumenical Temple
  3864 | Temple   | Became a worshipper of Warmaster Okawaru
  3977 | D:5      | Entered Level 5 of the Dungeon
  3983 | D:5      | Gained mutation: You are partially covered in iridescent scales (AC +4). [demonic ancestry]
  3983 | D:5      | Reached XP level 7. HP: 56/56 MP: 7/7
  4006 | D:5      | Reached skill level 1 in Invocations
  4134 | D:5      | Noticed a steam dragon
  4135 | D:5      | Noticed a steam dragon
  4148 | D:5      | Killed a steam dragon
  4148 | D:5      | Reached * piety under Okawaru
  4148 | D:5      | Reached skill level 6 in Maces & Flails
  4151 | D:5      | Killed a steam dragon
  4516 | D:5      | Gained mutation: You are robust (+10% HP). [demonic ancestry]
  4516 | D:5      | Reached XP level 8. HP: 58/70 MP: 10/10
  4536 | D:5      | Found a snail-covered altar of Cheibriados.
  4665 | D:5      | Reached ** piety under Okawaru
  4909 | D:6      | Reached skill level 5 in Invocations
  4918 | D:6      | Noticed Edmund
  4930 | D:6      | Killed Edmund
  4964 | D:6      | Noticed Uberwunderbarhen's ghost (novice OpTm)
  4969 | D:6      | Reached skill level 7 in Fighting
  4981 | D:6      | Killed Uberwunderbarhen's ghost
  4981 | D:6      | Reached skill level 1 in Dodging
  5037 | D:6      | Noticed Blork the orc
  5042 | D:6      | Noticed Eustachio
  5047 | D:6      | Gained mutation: You sometimes gain power by taking damage. [demonic ancestry]
  5047 | D:6      | Reached XP level 9. HP: 74/79 MP: 13/13
  5054 | D:6      | Killed Blork the orc
  5054 | D:6      | Reached *** piety under Okawaru
  5079 | D:6      | Killed Eustachio
  5114 | D:6      | Found a burning altar of Makhleb.
  5359 | D:7      | Reached skill level 5 in Armour
  5395 | D:7      | Reached skill level 5 in Shields
  5574 | D:7      | Reached **** piety under Okawaru
  5895 | D:7      | Found a shimmering altar of Xom.
  6112 | D:8      | Noticed Pikel
  6133 | D:8      | Killed Pikel
  6133 | D:8      | Reached XP level 10. HP: 86/88 MP: 13/15
  6193 | D:8      | Noticed Joseph
  6208 | D:8      | Killed Joseph
  6473 | D:8      | Reached skill level 8 in Fighting
  6480 | D:8      | Noticed Feta's ghost (novice HOFi)
  6498 | D:8      | Killed Feta's ghost
  6946 | D:9      | Reached ***** piety under Okawaru
  6959 | D:9      | Received a gift from Okawaru
  6966 | D:9      | Got a bloodstained quick blade {god gift}
  6967 | D:9      | Identified the +2 quick blade "Null" {drain, +Blink MP+9 Str+4} (Okawaru gifted it to you on level 9 of the Dungeon)
  7091 | D:9      | Reached skill level 9 in Fighting
  7422 | D:9      | Reached XP level 11. HP: 56/97 MP: 18/18
  7436 | D:9      | Found a staircase to the Lair.
  7958 | D:10     | Entered Level 10 of the Dungeon
  8018 | D:10     | Found a flagged portal.
  8029 | Bailey   | Entered a bailey
  8214 | Bailey   | Received a gift from Okawaru
  8451 | D:10     | Reached skill level 10 in Invocations
  8757 | D:10     | Noticed Gastronok
  8777 | D:10     | Killed Gastronok
  8777 | D:10     | Reached skill level 10 in Fighting
  9227 | D:10     | Found a blossoming altar of Fedhas.
  9527 | D:11     | Noticed a hill giant
  9539 | D:11     | Killed a hill giant
  9539 | D:11     | Reached skill level 11 in Invocations
  9637 | D:11     | Noticed Maurice
  9650 | D:11     | Killed Maurice
  9724 | D:11     | Found a staircase to the Orcish Mines.
  9742 | D:11     | Reached skill level 10 in Maces & Flails
  9742 | D:11     | Killed an unseen horror
 10371 | D:12     | Got a coiled copper ring
 10373 | D:12     | Identified the ring of Ynecvei {MR+ Str+2 Slay+3 Stlth+} (You found it on level 12 of the Dungeon)
 10500 | D:12     | Reached skill level 12 in Invocations
 10500 | D:12     | Gained mutation: You have claws for feet. [demonic ancestry]
 10500 | D:12     | Reached XP level 12. HP: 36/108 MP: 19/21
 10506 | D:12     | Received a gift from Okawaru
 11169 | Lair:1   | Entered Level 1 of the Lair of Beasts
 11487 | Lair:1   | Reached skill level 5 in Dodging
 11487 | Lair:1   | Gained mutation: You are powered by pain. [demonic ancestry]
 11487 | Lair:1   | Reached XP level 13. HP: 116/116 MP: 22/22
 12064 | Lair:2   | Noticed Harold
 12092 | Lair:2   | Killed Harold
 12187 | Lair:2   | Found a labyrinth entrance.
 12208 | Lab      | Entered a labyrinth
 12209 | Lab      | Upgraded the game from 0.18-a0-1203-gbde16db to 0.18-a0-1225-g5d63bca
 12600 | Lab      | Noticed a minotaur
 12609 | Lab      | Killed a minotaur
 12672 | Lab      | Got an ancient plate armour
 12684 | Lab      | Identified the +1 plate armour of Leackenu {Regen+ Str+3 Int-3} (You found it in a labyrinth)
 13604 | Lair:3   | You fall through a shaft for 2 floors!
 14149 | Lair:3   | Received a gift from Okawaru
 14854 | Lair:4   | Found a hole to the Spider Nest.
 15127 | Lair:4   | Gained mutation: You are mostly covered in iridescent scales (AC +6). [demonic ancestry]
 15127 | Lair:4   | Reached XP level 14. HP: 124/124 MP: 23/23
 15131 | Lair:4   | Reached skill level 13 in Invocations
 15786 | Lair:6   | Found a staircase to the Slime Pits.
 15962 | Lair:6   | Found a staircase to the Shoals.
 16265 | Lair:6   | Found a viscous altar of Jiyva.
 16891 | Lair:7   | Noticed Kirke
 16920 | Lair:7   | Killed Kirke
 16920 | Lair:7   | Reached skill level 1 in Evocations
 17188 | Lair:7   | Noticed Rupert
 17210 | Lair:7   | Killed Rupert
 17210 | Lair:7   | Received a gift from Okawaru
 17374 | Lair:8   | Entered Level 8 of the Lair of Beasts
 17475 | Lair:8   | Reached skill level 14 in Invocations
 18047 | Lair:8   | Reached skill level 5 in Stealth
 18858 | Lair:8   | Reached XP level 15. HP: 112/134 MP: 25/25
 19200 | Lair:8   | Reached ****** piety under Okawaru
 19450 | Lair:1   | Learned a level 1 spell: Beastly Appendage
 19545 | Orc:1    | Entered Level 1 of the Orcish Mines
 19619 | Orc:1    | Found Navex's Food Emporium.
 19656 | Orc:1    | Reached skill level 1 in Throwing
 19758 | Orc:2    | Entered Level 2 of the Orcish Mines
 19763 | Orc:2    | Found Dipust's Book Shop.
 19935 | Orc:2    | Found a staircase to the Elven Halls.
 19966 | Orc:1    | Found Lesom's Antique Armour Emporium.
 19988 | Orc:1    | Found Plog's Antique Armour Emporium.
 19999 | Orc:1    | Bought a spiked chain mail for 256 gold pieces
 19999 | Orc:1    | Bought a jewelled plate armour for 756 gold pieces
 20011 | Orc:1    | Found a roughly hewn altar of Beogh.
 20066 | Orc:1    | Found Tumaqim's Magic Scroll Shoppe.
 20074 | Orc:1    | Bought a scroll of enchant weapon for 127 gold pieces
 20183 | Orc:1    | Identified the +1 chain mail "Esaadan" {Int+4 Dex+3} (You bought it in a shop on level 1 of the Orcish Mines)
 20193 | Orc:1    | Identified the +0 plate armour "Amooly" {Str+8 Dex-4} (You bought it in a shop on level 1 of the Orcish Mines)
 20265 | Orc:2    | Received a gift from Okawaru
 20475 | Elf:1    | Entered Level 1 of the Elven Halls
 20731 | Orc:2    | Reached skill level 15 in Invocations
 20760 | Orc:2    | Found Gigh's Jewellery Shop.
 20760 | Orc:2    | Found Rynwaec's Antique Weapon Emporium.
 20762 | Orc:2    | Found Nupephayps's Distillery.
 20764 | Orc:2    | Found Dino Liti's Gadget Boutique.
 20775 | Orc:2    | Bought an uncursed ring of see invisible for 165 gold pieces
 21606 | Elf:1    | Noticed a deep elf sorcerer
 21616 | Elf:1    | Killed a deep elf sorcerer
 22072 | Elf:1    | Received a gift from Okawaru
 22561 | Elf:1    | Identified the Papyrus of Summoning
 22639 | Elf:1    | Reached skill level 16 in Invocations
 22639 | Elf:1    | Reached XP level 16. HP: 145/145 MP: 26/28
 22651 | Elf:1    | Reached skill level 5 in Throwing
 23038 | D:13     | Found a gate to the Vaults.
 23038 | D:13     | Noticed Donald
 23085 | D:12     | Killed Donald
 23362 | D:13     | Identified a scroll of acquirement
 23727 | D:13     | Found a white marble altar of Elyvilon.
 24218 | D:14     | Found Qyafiwn's Jewellery Shoppe.
 24226 | D:14     | Bought the ring of Xuav {*Drain rElec rC+++ EV+4 Stlth+} for 986 gold pieces
 24509 | D:15     | Entered Level 15 of the Dungeon
 24547 | D:15     | Noticed Agnes
 24570 | D:15     | Killed Agnes
 24570 | D:15     | Received a gift from Okawaru
 24576 | D:15     | Got a steaming morningstar {god gift}
 24577 | D:15     | Identified the +1 morningstar of Wogi {venom, Dex+4} (Okawaru gifted it to you on level 15 of the Dungeon)
 24651 | D:15     | Upgraded the game from 0.18-a0-1225-g5d63bca to 0.18-a0-1229-ge9a1a01
 24730 | D:15     | Found a staircase to the Depths.
 25260 | Spider:1 | Entered Level 1 of the Spider Nest
 25298 | Spider:1 | Reached skill level 1 in Transmutations
 25981 | Spider:2 | Found a frozen archway.
 25993 | IceCv    | Entered an ice cave
 26341 | IceCv    | Received a gift from Okawaru
 27059 | Spider:2 | Reached skill level 5 in Transmutations
 28247 | Spider:3 | Received a gift from Okawaru
 28289 | Spider:3 | Got a slimy hat {god gift}
 28300 | Spider:3 | Identified the +2 hat "Toeh" {MR+ Int+4} (Okawaru gifted it to you on level 3 of the Spider Nest)
 28346 | Spider:3 | Reached XP level 17. HP: 139/154 MP: 29/29
 28446 | Spider:3 | Reached skill level 10 in Shields
 28593 | Spider:4 | Entered Level 4 of the Spider Nest
 28660 | Spider:3 | Noticed Arachne
 28679 | Spider:3 | Killed Arachne
 29358 | Spider:3 | Got a crystal flail
 29359 | Spider:3 | Identified the +2 flail of Rouxkuf {flame, rPois} (You found it on level 3 of the Spider Nest)
 30325 | Spider:4 | Reached skill level 15 in Fighting
 30358 | Spider:4 | Received a gift from Okawaru
 30503 | Spider:4 | Got a gossamer rune of Zot
 31280 | Vaults:1 | Entered Level 1 of the Vaults
 31697 | Vaults:1 | Received a gift from Okawaru
 31702 | Vaults:1 | Reached skill level 15 in Maces & Flails
 31758 | Vaults:1 | Got a pearl-encrusted scale mail {god gift}
 32040 | Vaults:1 | Identified the +0 scale mail "Dociorgh" {rElec rN+ MP+9} (Okawaru gifted it to you on level 1 of the Vaults)
 32322 | Vaults:1 | Gained mutation: You are mostly covered in sharp spines. [demonic ancestry]
 32322 | Vaults:1 | Reached XP level 18. HP: 91/163 MP: 30/30
 33067 | Vaults:1 | Noticed Jorgrun
 33084 | Vaults:1 | Killed Jorgrun
 33148 | Vaults:1 | Got a wavering golden amulet
 33149 | Vaults:1 | Identified the amulet "Lunem" {RegenMP rElec rF+ rC+} (You found it on level 1 of the Vaults)
 33830 | Vaults:1 | Received a gift from Okawaru
 33845 | Vaults:1 | Got a twisted plate armour {god gift}
 34030 | Vaults:1 | Identified the +3 plate armour of the Hanged Man {MR+ Regen+} (Okawaru gifted it to you on level 1 of the Vaults)
 34704 | Vaults:2 | Noticed a tentacled monstrosity
 34715 | Vaults:2 | Killed a tentacled monstrosity
 34748 | Vaults:2 | Reached skill level 10 in Armour
 35075 | Vaults:2 | Noticed a lich
 35077 | Vaults:2 | Noticed a tentacled monstrosity
 35120 | Vaults:2 | Killed a lich
 35284 | Vaults:2 | Received a gift from Okawaru
 35589 | Vaults:3 | Reached XP level 19. HP: 166/172 MP: 31/31
 36340 | Vaults:3 | Cast into level 3 of the Abyss (vault warden)
 36340 | Abyss:3  | Found a corrupted altar of Lugonu.
 36404 | Abyss:3  | Noticed a bone dragon
 36432 | Abyss:3  | Killed a bone dragon
 37153 | Vaults:3 | Escaped the Abyss
 37967 | Vaults:3 | Received a gift from Okawaru
 38078 | Vaults:3 | Found a staircase to the Crypt.
 38424 | Orc:1    | Bought a scroll of enchant armour for 127 gold pieces
 38424 | Orc:1    | Bought a scroll of teleportation for 51 gold pieces
 38424 | Orc:1    | Bought 3 scrolls of identify for 102 gold pieces
 38424 | Orc:1    | Bought a scroll of recharging for 161 gold pieces
 38493 | Elf:2    | Found a deep blue altar of Sif Muna.
 38731 | Elf:2    | Identified Qexiraon's Catalogue of Dhcmrlchtdj
 38734 | Elf:2    | Learned a level 1 spell: Apportation
 38906 | Elf:2    | Found a huge runed gate.
 38906 | Elf:2    | Found a huge runed gate.
 38909 | Elf:2    | Found a huge runed gate.
 38909 | Elf:2    | Found a huge runed gate.
 38913 | Elf:2    | Found a huge runed gate.
 38969 | Elf:2    | Identified the Grimoire of Plaster Cramp
 38976 | Elf:2    | Identified Ts'ui Pên's Volume of Forking Paths
 39132 | Elf:2    | Reached skill level 15 in Armour
 39132 | Elf:2    | Gained mutation: You are completely covered in sharp spines. [demonic ancestry]
 39132 | Elf:2    | Reached XP level 20. HP: 180/180 MP: 32/32
 39271 | Elf:2    | Noticed Aizul
 39281 | Elf:2    | Killed Aizul
 39431 | Elf:2    | Cast into level 3 of the Abyss (short sword of distortion)
 39431 | Abyss:3  | Found a corrupted altar of Lugonu.
 39842 | Abyss:3  | Gained mutation: Your magical capacity is low (-10% MP). [a cacodemon]
 39863 | Abyss:3  | Received a gift from Okawaru
 39918 | Abyss:3  | Noticed a bone dragon
 39950 | Abyss:3  | Killed a bone dragon
 40192 | Elf:2    | Escaped the Abyss
 40473 | Elf:3    | Entered Level 3 of the Elven Halls
 40493 | Elf:3    | Found Wurhunn's Antique Armour Boutique.
 40530 | Elf:3    | Noticed Asterion
 40540 | Elf:3    | Killed Asterion
 40688 | Elf:3    | Cast into level 3 of the Abyss (halberd of distortion)
 40939 | Abyss:3  | Reached skill level 17 in Fighting
 41041 | Abyss:3  | Received a gift from Okawaru
 41155 | Abyss:3  | Found a radiant altar of Vehumet.
 41242 | Abyss:3  | Gained mutation: Your spells are a little easier to cast, but a little less powerful. [a neqoxec]
 41324 | Abyss:3  | Reached XP level 21. HP: 191/191 MP: 29/29
 41509 | Abyss:3  | Got a spiked chain mail
 41890 | Abyss:3  | Received a gift from Okawaru
 41894 | Abyss:3  | Got a translucent mace {god gift}
 42025 | Abyss:3  | Gained mutation: You expend magic power (3 MP) to strengthen your wands. [a neqoxec]
 42046 | Abyss:3  | Reached skill level 10 in Throwing
 42175 | Abyss:3  | Paralysed by accursed screaming for 1 turns
 42201 | Abyss:3  | Paralysed by accursed screaming for 1 turns
 42543 | Abyss:3  | Gained mutation: [Scrolls take you a little longer to read.] [a neqoxec]
 42623 | Abyss:3  | Received a gift from Okawaru
 42628 | Abyss:3  | Identified the +3 mace "Esomiel" {crush, rF+ Str-4 Stlth+} (Okawaru gifted it to you on level 3 of the Abyss)
 42631 | Abyss:3  | Got a brightly glowing mace {god gift}
 42641 | Abyss:3  | Identified the +1 mace "Powoom" {speed, Int+3} (Okawaru gifted it to you on level 3 of the Abyss)
 42744 | Abyss:3  | Gained mutation: You are dopey. (Int -2) [a neqoxec]
 42756 | Abyss:3  | Killed from afar by a lich

Vault maps used:
D:1:      dpeg_arrival_boxes_within_box
D:2:      nicolae_tso_carved_into_rock
D:3:      ecumenical_altar_1, first_bread, lemuel_statue_altar, uniq_jessica
D:4:      temple_doors_c, nicolae_ru_path_of_blood
D:5:      kennysheep_steamy, dk_vineyard_3, cheibriados_altar_1
D:6:      kennysheep_mini_moat, sword_in_stone, uniq_edmund
D:7:      grunt_ogre_cave, serial_park_tiny_pond, tgw_xom
D:8:      uniq_pikel, uniq_joseph
D:9:      minmay_lair_entry_grove
D:10:     enter_bailey_7, serial_bayou_ford_a, fedhas_altar_1, uniq_gastronok
D:11:     erik_orc_3, uniq_maurice
D:13:     david_vaults_3, elyvilon_altar_5
D:14:     serial_shops, shop, small_statue_intersection
D:15:     grunt_enter_depths_giant_problem, fountainhead, uniq_agnes
Temple:   kilobyte_greek_temple_18
Lair:1:   roderic_batcave
Lair:2:   lab_entry_generic, uniq_harold
Lair:4:   spider_nest_entry_funnel_web, kennysheep_basilisk_garden
Lair:5:   lemuel_fruit_fields, grunt_megastairs_1, infiniplex_staircase_pool,
          serial_bayou_shore_b, lemuel_fruit_tree
Lair:6:   minmay_shoals_entry_centaurs, slime_altar_1,
          eino_small_chamber_without_monster, nicolae_quartered_pool_little,
          grunt_megastairs_5
Lair:7:   lemuel_fruit_fields, infiniplex_staircase_pool_2, uniq_rupert,
          uniq_kirke
Lair:8:   hangedman_lair_caniforms_friends, guppyfry_lair_end_dragon,
          st_stairs_8
Spider:2: portal_ice_cave_entry_imps
Spider:3: nicolae_spider_mines_3, nicolae_looking_at_the_future, uniq_arachne
Spider:4: spider_rune_water, nicolae_spider_webbed_stairs
Orc:1:    basic_altar, serial_shops, shop, shop, shop_statue,
          nicolae_shop_crystal
Orc:2:    st_orc_rangers, serial_shops, nicolae_shop_trees
Elf:1:    eino_elf_arrival_the_gate, minmay_elf_sorcery
Elf:2:    basic_altar, minmay_misc_feat_pillars, bh_hangedman_babel_library,
          uniq_aizul
Elf:3:    grunt_elf_hall_asides, serial_shops, nicolae_shop_overgrown_old_shop,
          nicolae_elf_v_pinch, uniq_asterion
Vaults:1: vaults_mumra_lcd, ontoclasm_vaults_bender, v_rooms_6, v_misc_24,
          nicolae_vaults_little_squares_1, st_lattice,
          nicolae_vaults_little_squares_4, vaults_mumra_hexcomb, uniq_jorgrun
Vaults:2: hangedman_vaults_impose, v_misc_24, hangedman_vaults_river_flow,
          st_hourglassy, v_rooms_4, hangedman_vaults_cutoff, v_misc_10,
          nicolae_vaults_little_squares_3, nicolae_vaults_ring_of_whatevers,
          v_misc_28, vaults_room_door_ring
Vaults:3: v_misc_33, ontoclasm_vaults_hangar, vaults_room_pool,
          hangedman_vaults_pinch, minmay_crypt_entry_simple_statues,
          hangedman_vaults_hat, ontoclasm_vaults_ligature,
          hangedman_vaults_nails, v_rooms_1, ontoclasm_vaults_shuriken,
          v_rooms_4, st_cells, nicolae_vaults_little_ls, vaults_room_semicircle,
          grunt_vaults_hallway_short
Abyss:3:  evilmike_abyss_rune_tentacle_tunnel, hangedman_elemental_corridor,
          evilmike_abyss_exit_8, hangedman_abyss_or_decor_lesser_grid
Lab:      labyrinth_hidden_loot, nicolae_lab_flowing_pool, nicolae_lab_starburst
Bailey:   bailey_axe_2, bailey
IceCv:    ice_cave_caverns_01

Action                   |  1- 3 |  4- 6 |  7- 9 | 10-12 | 13-15 | 16-18 | 19-21 || total
-------------------------+-------+-------+-------+-------+-------+-------+-------++-------
Melee: Flail             |   193 |   123 |   266 |   683 |  1335 |       |       ||  2600
       Morningstar       |       |       |       |       |   353 |  1993 |  2144 ||  4490
Throw: Javelin           |       |       |       |       |     6 |    29 |     3 ||    38
Invok: Heroism           |       |       |       |     5 |    19 |    20 |    12 ||    56
       Finesse           |       |       |       |     2 |     7 |     8 |     7 ||    24
Evoke: Wand              |       |       |       |       |     5 |     9 |    14 ||    28
  Use: Scroll            |     9 |     2 |     8 |     9 |    17 |    20 |    12 ||    77
       Potion            |     1 |       |     2 |     5 |    11 |     2 |     7 ||    28
 Stab: Distracted        |       |       |       |     1 |     8 |     4 |     2 ||    15
       Sleeping          |       |       |       |     1 |    25 |    27 |       ||    53
       Confused          |       |       |       |       |     3 |       |       ||     3
       Petrifying        |       |       |       |       |       |       |     1 ||     1
  Eat: Chunk             |     4 |     4 |     5 |     9 |     9 |    10 |     8 ||    49
       Fruit             |       |     4 |       |    14 |    19 |     6 |     3 ||    46
       Beef jerky        |       |       |     1 |       |     2 |     9 |       ||    12
       Meat ration       |       |       |       |     1 |     1 |       |       ||     2
       Bread ration      |       |       |       |     1 |       |       |     3 ||     4
       Pizza             |       |       |       |       |     5 |     3 |       ||     8
       Royal jelly       |       |       |       |       |       |     8 |     5 ||    13
